 Dungeon Sprint DCSS version 0.30-a0-1112-gfb780f5df6 (webtiles) character file.

Game seed: 9502116476498349430

2500000 PLAYERX the Conqueror (level 16, -5/183 HPs)
             Began as a Minotaur Gladiator on Apr 19, 2023.
             Was a High Priest of Makhleb.
             Slain by a destroyer
             ... wielding a +9 heavy great sword
              (121 damage)
             ... in the Dungeon (Sprint VIII: "Arena of Blood").
             The game lasted 00:03:14 (25 turns).

PLAYERX the Conqueror (Minotaur Gladiator)            Turns: 25, Time: 00:03:15

Health: -5/183     AC:  3    Str: 27    XL:     16   Next: 65%
Magic:  3/31       EV: 23    Int:  5    God:    Makhleb [*****.]
Gold:   0          SH:  0    Dex: 12    Spells: 15/15 levels left

rFire   . . .      SeeInvis .    a - +∞ Axe of Woe
rCold   . . .      Faith    .    (shield currently unavailable)
rNeg    . . .      Spirit   .    b - +0 leather armour
rPois   .          Reflect  .    c - +0 hat
rElec   .          Rampage  .    (no cloak)
rCorr   .          NoTele   +    (no gloves)
Will    +....                    (no boots)
Stlth   +                        (no amulet)
HPRegen 0.50/turn                (no ring)
MPRegen 0.22/turn                (no ring)

@: no status effects
A: horns 2, retaliatory headbutt
a: Renounce Religion, Minor Destruction, Lesser Servant of Makhleb, Major
Destruction, Greater Servant of Makhleb


You were in the Dungeon.
You worshipped Makhleb.
Makhleb was extremely pleased with you.
You visited 1 branch

Inventory:

Hand Weapons
 a - the +∞ Axe of Woe (weapon)
   (You found it in the Dungeon)
Missiles
 d - 3 throwing nets (quivered)
 e - a javelin
Armour
 b - a +0 leather armour (worn)
 c - a +0 hat (worn)
Scrolls
 k - a scroll of blinking
Potions
 f - a potion of curing
 g - a potion of heal wounds
 h - a potion of haste
 i - 2 potions of magic
 j - a potion of berserk rage


   Skills:
 O Level 27 Fighting
 O Level 27 Axes
 + Level 24.4 Throwing
 + Level 26.4 Dodging
 + Level 24.3 Invocations


You had 15 spell levels left.
You didn't know any spells.
Your spell library was empty.

Dungeon Overview and Level Annotations

Branches:
Dungeon (1/1)

Altars:
Makhleb


Innate Abilities, Weirdness & Mutations

You have a pair of horns on your head.
You reflexively headbutt those who attack you in melee.


Message History

The bag of meat moves out of view.
There is a burning altar of Makhleb, spattered with blood here.
Aiming: Major Destruction (0% risk of failure)
Press: ? - help, Shift-Dir - straight line, f - large bag of meat
Aim: a large bag of meat, wielding a +9 giant spiked club and wearing a +100 ring of slaying (inner flame)
The bolt of negative energy hits the large bag of meat!!
The large bag of meat is drained!
Flame seeps out of the large bag of meat. x2
The large bag of meat is lightly wounded.
You hear a shout!
Your hellwing hits the bag of meat!
Your hellwing closely misses the bag of meat.
A meat berserker comes into view. It is wielding a +9 battleaxe.
You hear a shout! x3
The bag of meat hits your hellwing with a +9 war axe.
You hear a shout!
The large bag of meat is engulfed in blazing flames.
You hear a shout!
You slash the large bag of meat!
Flame seeps out of the large bag of meat.
You chop the large bag of meat into pieces.
Makhleb accepts your kill.
The large bag of meat explodes!
The fiery explosion engulfs you!!
You are engulfed in blazing flames.
You hear two shouts!
You hear a shout! x7
Your hellwing hits the bag of meat! Your hellwing hits the bag of meat.
A large bag of meat comes into view. It is wielding a +9 giant spiked club.
The bag of meat hits your hellwing with a +9 war axe!
Your Throwing skill increases to level 24!
Your Dodging skill increases to level 26!
Your Invocations skill increases to level 24!
A meat berserker and a bag of meat come into view.
You are engulfed in blazing flames.
You hear a shout!
The meat berserker rages.
You hear a shout! x2
A large bag of meat comes into view. It is wielding a +9 giant spiked club.
The destroyer hits you with a +9 heavy great sword!!!!
Ouch! That really hurt!
You die...

.. ..... #. ....#
#.. ...# ..
.###.. ...###...
......###........
.....O_).)..O...
#..§§§# #_.§○§#
#..°§@#
.O...._.4V....O.
......###o...O...
.###.. ...###o.§
#.. .O.# .O #.
...o# .. .....
......


You could see a destroyer, 3 large bags of meat, 3 meat berserkers, 3 bags of
meat and a friendly hellwing (summoned).

Vanquished Creatures
  2 ogres (D)
  A two-headed ogre (D)
  14 orcs (D)
17 creatures vanquished.

Notes
Turn   | Place    | Note
-------+----------+-------------------------------------------
     0 | D        | Found the +∞ Axe of Woe
     0 | D        | PLAYERX the Minotaur Gladiator began the quest for the Orb.
     0 | D        | Reached XP level 1. HP: 18/18 MP: 0/0
     1 | D        | Noticed a bag of meat
     3 | D        | Noticed a bag of meat
     5 | D        | Became a worshipper of Makhleb the Destroyer
     5 | D        | Noticed a bag of meat
     5 | D        | Noticed a bag of meat
     5 | D        | Noticed a bag of meat
     5 | D        | Noticed a bag of meat
     6 | D        | Noticed a bag of meat
     7 | D        | Killed a bag of meat
     7 | D        | Noticed a bag of meat
     7 | D        | Noticed a bag of meat
     7 | D        | Noticed a bag of meat
     8 | D        | Reached XP level 2. HP: 22/46 MP: 0/7
     8 | D        | Reached XP level 3. HP: 25/52 MP: 0/9
     8 | D        | Reached XP level 4. HP: 29/60 MP: 0/10
     8 | D        | Reached XP level 5. HP: 32/67 MP: 0/12
     8 | D        | Reached XP level 6. HP: 36/74 MP: 0/13
     8 | D        | Reached XP level 7. HP: 39/81 MP: 0/14
     8 | D        | Reached XP level 8. HP: 43/89 MP: 0/15
     8 | D        | Reached XP level 9. HP: 46/95 MP: 0/16
     8 | D        | Reached XP level 10. HP: 50/103 MP: 0/17
     8 | D        | Killed a bag of meat
     8 | D        | Reached * piety under Makhleb
     8 | D        | Killed a bag of meat
     8 | D        | Noticed a meat berserker
     8 | D        | Noticed a bag of meat
     9 | D        | Reached skill level 15 in Throwing
     9 | D        | Reached XP level 11. HP: 81/117 MP: 0/21
     9 | D        | Reached XP level 12. HP: 87/126 MP: 0/22
     9 | D        | Noticed a bag of meat
    10 | D        | Killed a bag of meat
    10 | D        | Killed a bag of meat
    10 | D        | Reached ** piety under Makhleb
    11 | D        | Reached XP level 13. HP: 75/138 MP: 0/24
    11 | D        | Killed a bag of meat
    11 | D        | Killed a bag of meat
    12 | D        | Reached XP level 14. HP: 110/151 MP: 0/26
    12 | D        | Noticed a meat berserker
    12 | D        | Killed a bag of meat
    12 | D        | Reached *** piety under Makhleb
    13 | D        | Noticed a bag of meat
    14 | D        | Killed a meat berserker
    14 | D        | Killed a bag of meat
    14 | D        | Killed a bag of meat
    14 | D        | Noticed a bag of meat
    15 | D        | Reached XP level 15. HP: 150/166 MP: 1/28
    15 | D        | Reached **** piety under Makhleb
    18 | D        | Killed a meat berserker
    19 | D        | Reached XP level 16. HP: 180/180 MP: 1/30
    19 | D        | Reached ***** piety under Makhleb
    20 | D        | Noticed a meat berserker
    21 | D        | Noticed a large bag of meat
    22 | D        | Reached skill level 27 in Fighting
    22 | D        | Reached skill level 27 in Axes
    23 | D        | Noticed a large bag of meat
    23 | D        | Noticed a meat berserker
    24 | D        | Noticed a destroyer
    24 | D        | Killed a large bag of meat
    24 | D        | Noticed a large bag of meat
    25 | D        | Noticed a meat berserker
    25 | D        | Noticed a large bag of meat
    25 | D        | Slain by a destroyer

Illustrated notes

Levels and vault maps discovered:
D:        meatsprint

Skill      XL: |  1  2  3  4  5  6  7  8  9 10 11 12 13 14 15 16 |
---------------+-------------------------------------------------+-----
Fighting       | 14 17 19 21 24 26 27 | 27.0
Axes           | 14 17 19 21 24 26 27 | 27.0
Throwing       | 12 15 16 18 20 22 24 | 24.4
Dodging        | 13 16 18 19 22 24 26 | 26.4
Invocations    | 11 14 16 18 20 22 24 | 24.3

Action                     |  1- 3 |  4- 6 |  7- 9 | 10-12 | 13-15 | 16-18 || total
---------------------------+-------+-------+-------+-------+-------+-------++-------
  Melee: Executioner's axe |     1 |       |       |     2 |     5 |     3 ||    11
 Invoke: Lesser Servant of |       |       |       |       |     1 |       ||     1
         Major Destruction |       |       |       |       |     2 |     1 ||     3
  Dodge: Dodged            |       |       |       |       |     3 |       ||     3

Table legend: (Time is in decaauts)
 A = Elapsed time spent in this place.
 B = Non-inter-level travel time spent in this place.
 C = Inter-level travel time spent in this place.
 D = Time resting spent in this place.
 E = Time spent auto-exploring this place.
 F = Levels seen in this place.
 G = Mean time per level.
                   A        B        C        D        E       F      G
               +--------+--------+--------+--------+--------+-----+--------+
         Total |     23 |     23 |      0 |      0 |      0 |   1 |   23.0 |
       Dungeon |     23 |     23 |      0 |      0 |      0 |   1 |   23.0 |
               +--------+--------+--------+--------+--------+-----+--------+

Top non-repeatable levels by time:
       D: 23 daAuts
